 Dungeon Crawl Stone Soup version 0.28-a0-390-gb254ac4902 (webtiles) character file.

Game seed: 16750238795348760922

1243 bande the Chopper (level 8, -8/49 HPs)
             Began as a Gargoyle Fighter on Sept 4, 2021.
             Was a Believer of Okawaru.
             Mangled by a vampire (11 damage)
             ... on level 6 of the Dungeon.
             The game lasted 00:10:28 (6676 turns).

bande the Chopper (Gargoyle Fighter)                Turns: 6676, Time: 00:10:29

Health: -8/49      AC: 17    Str: 21      XL:     8   Next: 50%
Magic:  10/10      EV: 14    Int:  9      God:    Okawaru [**....]
Gold:   267        SH:  4    Dex:  9 (10) Spells: 7/7 levels left

rFire   . . .      SeeInvis .   a - +1 war axe (freeze)
rCold   . . .      Faith    +   c - +0 buckler
rNeg    + . .      Spirit   .   b - +0 scale mail
rPois   ∞          Reflect  .   k - +1 helmet
rElec   +          Harm     .   (no cloak)
rCorr   .          Rampage  .   (no gloves)
Will    .....                   j - +1 pair of boots
Stlth   ..........              n - amulet of faith
HPRegen 0.16/turn               f - +4 ring of evasion
MPRegen 0.12/turn               (no ring)

@: studying Armour
A: sickness immunity, AC +5, negative energy resistance 1, electricity
resistance, torment resistance 1, petrification resistance
a: Renounce Religion, Heroism


You were on level 6 of the Dungeon.
You worshipped Okawaru.
Okawaru was pleased with you.
You visited 1 branch of the dungeon, and saw 6 of its levels.
You also visited: Sewer.

You collected 267 gold pieces.

Inventory:

Hand Weapons
 a - a +1 war axe of freezing (weapon)
 e - a +2 flail of holy wrath
Armour
 b - a +0 scale mail (worn)
 c - a +0 buckler (worn)
 j - a +1 pair of boots (worn)
 k - a +1 helmet (worn)
Jewellery
 f - a +4 ring of evasion (left hand)
 n - an amulet of faith (around neck)
Wands
 g - a wand of acid (17)
 h - a wand of polymorph (11)
 r - a wand of paralysis (7)
Scrolls
 i - a scroll of identify
 p - a scroll of fog
 t - a scroll of blinking
Potions
 d - 5 potions of might
 l - 2 potions of brilliance
 m - a potion of mutation {unknown}
 q - 3 potions of haste {unknown}


   Skills:
 + Level 5.2 Fighting
 + Level 6.2 Axes
 + Level 5.5 Armour
 - Level 0.5 Dodging
 - Level 0.2 Stealth
 + Level 4.8 Shields
 * Level 2.7 Invocations
 * Level 2.7 Evocations


You had 7 spell levels left.
You didn't know any spells.
Your spell library contained the following spells:

 Spells                   Type           Power      Damage    Failure   Level
 Beastly Appendage        Tmut           0%         N/A       71%         1
 Shock                    Conj/Air       0%         1d3       71%         1
 Wereblood                Tmut           0%         N/A       83%         2
 Ozocubu's Armour         Ice            0%         N/A       97%         3
 Spider Form              Tmut/Pois      0%         N/A       97%         3
 Swiftness                Air            0%         N/A       97%         3
 Airstrike                Air            0%         N/A       100%        4
 Metabolic Englaciation   Hex/Ice        0%         N/A       100%        5
 Simulacrum               Ice/Necr       Unusable   N/A       N/A         6

Dungeon Overview and Level Annotations

Branches:
Dungeon (6/15)              Sewer (visited)
 Temple: D:4-7

Altars:
Dithmenos
Okawaru
Qazlal
Ru

Shops:
D:1 (   D:3 (   D:6 *

Annotations:
D:6 1 runed translucent door, Crazy Yiuf


Innate Abilities, Weirdness & Mutations

You are immune to sickness and miasma.
Your stone body is resilient. (AC +5)
You are immune to poison.
You resist negative energy. (rN+)
You are resistant to electric shocks. (rElec)
You are resistant to unholy torment.
You are immune to petrification.


Message History

The vampire bites you but does no damage.
You barely miss the vampire.
The vampire is moderately damaged.
The vampire casts a spell at you. You resist with some effort.
The vampire blocks your attack.
The vampire is moderately damaged.
The vampire hits you but does no damage.
You block the vampire's attack. The vampire blocks your attack.
The vampire is moderately damaged.
The vampire hits you with a +0 long sword.
The vampire completely misses you.
You hit the vampire.
The vampire is moderately damaged.
The vampire gestures wildly while chanting.
The vampire flickers and vanishes!
Deactivating autopickup; reactivate with Ctrl-A.
Something hits you! Something bites you.
No target in view!
No target in view!
No target in view!
No target in view!
No target in view!
No target in view!
No target in view!
No target in view!
No target in view!
You barely miss something. Something hits you but does no damage.
Something bites you!
You completely miss something. Something barely misses you.
Something bites you but does no damage. Something blocks your attack.
Something hits you! Something bites you but does no damage.
You barely miss something. You block something's attack.
Something bites you but does no damage. Something blocks your attack.
Something hits you!
* * * LOW HITPOINT WARNING * * *
Something bites you!
You die...

..................#
...................
.............>.....
...####..##.##.##..
... ###..##.##.##
+...........#
#...........#
#..............
#....@......#..
#...{.......# .
###..##'##.## #..
#.# .# ... .. .
.... ..# ..... .'
...... #.


There were no monsters in sight!

Vanquished Creatures
  Edmund (D:6)
  2 sky beasts
  2 kobold brigands (Sewer)
  A phantom (D:4)
  A water moccasin zombie (D:5)
  A bullfrog zombie (D:6)
  4 hounds
  2 jellies
  2 iguanas
  An orc priest (D:6)
  Ijyb (D:3)
  2 orc wizards
  A hound zombie (D:5)
  A hound skeleton (D:5)
  Robin (D:4)
  8 adders
  2 river rats (Sewer)
  A shadow imp (D:6)
  A white imp (D:6)
  10 worms
  2 dart slugs
  5 orcs
  9 ball pythons
  5 bats
  13 endoplasms
  6 giant cockroaches
  17 goblins
  11 hobgoblins
  5 quokkas
  7 frilled lizards
  10 kobolds
  A quokka skeleton (D:4)
  27 rats
163 creatures vanquished.

Notes
Turn   | Place    | Note
-------+----------+-------------------------------------------
     0 | D:1      | bande the Gargoyle Fighter began the quest for the Orb.
     0 | D:1      | Reached XP level 1. HP: 14/14 MP: 1/1
   373 | D:1      | Found a faded altar of an unknown god.
   430 | D:1      | Reached XP level 2. HP: 19/19 MP: 2/2
   449 | D:1      | Reached skill level 2 in Axes
   862 | D:1      | Reached XP level 3. HP: 20/23 MP: 3/3
  1064 | D:1      | Found Reneddoyll's Antique Weapon Emporium.
  1664 | D:2      | You fall into a shaft and drop 2 floors!
  1744 | D:3      | Reached skill level 3 in Axes
  1744 | D:3      | Reached XP level 4. HP: 16/29 MP: 4/4
  1902 | D:3      | Found a sacrificial altar of Ru.
  2357 | D:2      | Reached XP level 5. HP: 32/33 MP: 5/5
  2689 | D:3      | Noticed Ijyb
  2702 | D:3      | Killed Ijyb
  3050 | D:3      | Found Cyhagig's Weapon Shop.
  3166 | D:3      | Found a shadowy altar of Dithmenos.
  3380 | D:4      | Identified a scroll of acquirement
  3380 | D:4      | Acquired a manual of Armour
  3388 | D:4      | Found an iron altar of Okawaru.
  3428 | D:4      | Noticed Robin
  3435 | D:4      | Reached skill level 4 in Axes
  3450 | D:4      | Killed Robin
  3451 | D:4      | Reached XP level 6. HP: 36/38 MP: 6/6
  3537 | D:4      | Became a worshipper of Warmaster Okawaru
  4042 | D:4      | Noticed a sky beast
  4053 | D:4      | Killed a sky beast
  4054 | D:4      | Reached skill level 1 in Evocations
  4343 | D:4      | Noticed a water elemental
  4344 | D:4      | Found a stormy altar of Qazlal.
  4346 | D:4      | Noticed an air elemental
  4346 | D:4      | Noticed a fire elemental
  4471 | D:4      | Reached XP level 7. HP: 44/44 MP: 7/7
  4514 | D:4      | Found the -2 hat of the Alchemist {rElec rPois rF+ rC+ rN+
                  | Will+ rMut rCorr}
  4648 | D:4      | Reached * piety under Okawaru
  4930 | D:5      | Entered Level 5 of the Dungeon
  4977 | D:5      | Reached skill level 5 in Axes
  5006 | D:5      | Reached skill level 1 in Invocations
  5066 | D:5      | Found a glowing drain.
  5085 | Sewer    | Entered a sewer
  5596 | Sewer    | Reached skill level 5 in Armour
  5692 | Sewer    | Reached ** piety under Okawaru
  5939 | D:5      | Reached XP level 8. HP: 42/48 MP: 9/9
  6252 | D:6      | Noticed Edmund
  6267 | D:6      | Killed Edmund
  6268 | D:6      | Reached skill level 5 in Fighting
  6407 | D:6      | Found Emouloc's Gadget Gallery.
  6495 | D:6      | Reached skill level 6 in Axes
  6548 | D:6      | Found a runed translucent door.
  6549 | D:6      | Noticed Crazy Yiuf
  6658 | D:6      | Noticed a vampire
  6676 | D:6      | Mangled by a vampire

Illustrated notes

Levels and vault maps discovered:
D:1:      dpeg_arrival_morbid_curiosity, layout_basic,
          shapermc_ecumenical_altar_totnotflames, serial_shops, shop_statue,
          minmay_misc_feat_square, corexii_hall_statues_x, st_stairs_4
D:2:      layout_loops_ring, minmay_rat_hole
D:3:      layout_basic, nicolae_dithmenos_through_a_glass_darkly,
          nicolae_ru_awakened_eye, serial_shops, nicolae_lakefront_shop,
          grunt_ministairs_14, uniq_ijyb
D:4:      minmay_octagon_keep, layout_layer_cave,
          nicolae_qazlal_style_of_elements, lemuel_coloured_pillars_altar,
          uniq_robin
D:5:      layout_rooms, lightli_ossuary_entry_decrepit_ruins,
          portal_sewer_entry_f
D:6:      layout_gridville, minmay_temple_entry_ruins, nicolae_shop_gadgets,
          uniq_grinder, uniq_edmund, uniq_crazy_yiuf_cottage

Skill      XL: |  1  2  3  4  5  6  7  8 |
---------------+-------------------------+-----
Axes           | 2 3 4 5 6 |  6.2
Fighting       | 4 5 |  5.2
Shields        | 4 |  4.8
Armour         | 4 5 |  5.5
Evocations     | 1 2 |  2.7
Invocations    | 1 2 |  2.7
Dodging        | |  0.5
Stealth        | |  0.2

Action                   |  1- 3 |  4- 6 |  7- 9 || total
-------------------------+-------+-------+-------++-------
Melee: War axe           |    83 |   180 |   256 ||   519
  Use: Scroll            |     6 |     4 |     5 ||    15
       Potion            |       |     1 |     4 ||     5
Armor: Scale mail        |    53 |    82 |   110 ||   245
Dodge: Dodged            |    43 |   138 |   146 ||   327
Block: Buckler           |    22 |    41 |    47 ||   110

Table legend: (Time is in decaauts)
 A = Elapsed time spent in this place.
 B = Non-inter-level travel time spent in this place.
 C = Inter-level travel time spent in this place.
 D = Time resting spent in this place.
 E = Time spent auto-exploring this place.
 F = Levels seen in this place.
 G = Mean time per level.
                   A        B        C        D        E       F      G
               +--------+--------+--------+--------+--------+-----+--------+
         Total |   6964 |   6721 |    243 |    484 |   4755 |   7 |  994.9 |
       Dungeon |   6001 |   5758 |    243 |    484 |   4069 |   6 | 1000.2 |
         Sewer |    962 |    962 |      0 |      0 |    686 |   1 |  962.0 |
               +--------+--------+--------+--------+--------+-----+--------+

Top non-repeatable levels by time:
     D:4: 1655 daAuts
     D:1: 1498 daAuts
     D:3: 985 daAuts
   Sewer: 962 daAuts
     D:2: 885 daAuts
     D:5: 533 daAuts
     D:6: 443 daAuts
